 Dungeon Crawl Stone Soup version 0.26.1-11-gd32895ea62 (webtiles) character file.

Game seed: 11491310270941598078

1145 rhet the Skirmisher (level 7, 0/66 HPs)
             Began as a Demigod Wanderer on June 25, 2021.
             Slain by a gnoll
             ... wielding a +0 spear
              (2 damage)
             ... on level 6 of the Dungeon.
             The game lasted 00:14:03 (7053 turns).

rhet the Skirmisher (Demigod Wanderer)              Turns: 7053, Time: 00:14:03

Health: 0/66       AC:  7    Str: 13 (15) XL:     7   Next: 92%
Magic:  9/9        EV: 10    Int: 16 (17) God:
Gold:   240        SH:  0    Dex: 14 (16) Spells: 6/6 levels left

rFire    . . .     SeeInvis .   h - +3 hand axe (vamp)
rCold    . . .     Faith    .   (no shield)
rNeg     . . .     Spirit   .   b - +0 ring mail
rPois    .         Reflect  .   k - +1 helmet
rElec    .         Harm     .   (no cloak)
rCorr    .         Rampage  .   (no gloves)
Will     .....                  (no boots)
Stlth    ++........             (no amulet)
HPRegen  0.21/turn              l - ring of flight
MPRegen  0.11/turn              (no ring)

@: no status effects
A: high mp 1, weak 1, MP-powered wands
a: Evoke Flight


You were on level 6 of the Dungeon.
You visited 1 branch of the dungeon, and saw 6 of its levels.

You collected 240 gold pieces.

Inventory:

Hand Weapons
 a - a +3 quarterstaff
 h - a +3 vampiric hand axe (weapon)
 n - a +1 mace of draining
 q - a +1 short sword of electrocution
 r - a +2 vorpal mace
 s - a +0 quarterstaff
Missiles
 d - 6 javelins (quivered)
Armour
 b - a +0 ring mail (worn)
 k - a +1 helmet (worn)
Jewellery
 f - an uncursed amulet of faith
 g - a cursed ring of teleportation
 l - a ring of flight (left hand)
 o - an uncursed ring of fire
Wands
 t - a wand of flame (12)
 u - a wand of enslavement (3)
Scrolls
 c - 5 scrolls of teleportation
 e - 2 scrolls of enchant weapon
 i - 3 scrolls of remove curse
 m - a scroll of fear {unknown}
 p - a scroll of identify
Potions
 j - a potion of brilliance


   Skills:
 + Level 7.0 Fighting
 * Level 2.1(2.3) Axes
 - Level 1.3(3.1) Maces & Flails
 - Level 3.6(3.8) Staves
 - Level 1.2 Bows
 + Level 1.3 Armour
 + Level 4.3 Stealth
 + Level 1.3 Unarmed Combat
 + Level 2.8 Evocations


You had 6 spell levels left.
You didn't know any spells.
Your spell library contained the following spells:

 Spells                   Type           Power        Failure   Level
 Summon Small Mammal      Summ           0%           47%         1
 Call Imp                 Summ           0%           63%         2
 Call Canine Familiar     Summ           0%           85%         3
 Summon Guardian Golem    Hex/Summ       0%           85%         3
 Summon Ice Beast         Ice/Summ       0%           99%         4
 Summon Lightning Spire   Summ/Air       0%           99%         4


Dungeon Overview and Level Annotations

Branches:
Dungeon (6/15)
 Temple: D:4-7

Annotations:
D:4 1 transporter, 2bobheroes's ghost, amateur TrHu; Sigmund


Innate Abilities, Weirdness & Mutations

You have an increased reservoir of magic. (+10% MP)
You are weak. (Str -2)
You expend magic power (3 MP) to strengthen your wands.


Message History

* * * LOW HITPOINT WARNING * * *
You hit the gnoll.
You feel better.
The gnoll is lightly wounded.
The gnoll misses you.
The gnoll hits you from afar with a +0 halberd.
* * * LOW HITPOINT WARNING * * *
You closely miss the gnoll.
The gnoll is lightly wounded.
The gnoll closely misses you. x2
You hit the gnoll.
You feel better.
The gnoll is heavily wounded.
The gnoll hits you with a +0 spear.
* * * LOW HITPOINT WARNING * * *
The gnoll misses you.
You hit the gnoll.
The gnoll is heavily wounded.
The gnoll hits you with a +0 spear.
* * * LOW HITPOINT WARNING * * *
The gnoll barely misses you. The gnoll hits you with a +0 spear.
You die...

#.# #.........).#
##.########.#.####..#
#.......# #†#.####..#
#..####.# #......#..#
#..### ###.##.#..#
#..).# #... ...#
#.##.# # #.....#.#
#.##.##g#####.###.#.#
#....@g.......# ..
###########.#.# # ..


You could see 2 gnolls.

Vanquished Creatures
  An ogre (D:4)
  2 centaurs (D:6)
  A howler monkey (D:4)
  A jelly (D:5)
  A hound (D:5)
  A quasit (D:4)
  5 orc priests
  3 iguanas
  Ijyb (D:3)
  7 orc wizards
  13 adders
  9 gnolls
  An ufetubus (D:6)
  2 worms (D:3)
  A leopard gecko (D:3)
  18 orcs
  7 giant cockroaches
  5 goblins
  7 hobgoblins
  7 jackals
  8 kobolds
  A quokka (D:2)
  5 ball pythons
  4 bats
  7 frilled lizards
  A leopard gecko zombie (D:6)
  6 rats
125 creatures vanquished.

Vanquished Creatures (collateral kills)
  An adder skeleton (D:4)
  A leopard gecko (D:4)
2 creatures vanquished.

Grand Total: 127 creatures vanquished

Notes
Turn   | Place    | Note
-------+----------+-------------------------------------------
     0 | D:1      | rhet the Demigod Wanderer began the quest for the Orb.
     0 | D:1      | rhet set off with the following items: a +2 quarterstaff, a
                  | +0 ring mail, a scroll of teleportation
     0 | D:1      | Reached XP level 1. HP: 22/22 MP: 3/3
   100 | D:1      | You fall into a shaft and drop 1 floor!
   115 | D:2      | Reached XP level 2. HP: 20/28 MP: 4/4
   353 | D:2      | Reached XP level 3. HP: 35/35 MP: 5/5
   406 | D:2      | Found a white marble altar of Elyvilon.
   465 | D:2      | Reached skill level 5 in Fighting
   509 | D:2      | Reached XP level 4. HP: 30/42 MP: 6/6
  1367 | D:2      | Noticed an ice beast
  2698 | D:3      | Noticed Ijyb
  2766 | D:3      | Killed Ijyb
  2767 | D:3      | Reached XP level 5. HP: 48/50 MP: 7/7
  2813 | D:3      | Found a stormy altar of Qazlal.
  2951 | D:3      | Gained mutation: You are weak. (Str -2) [potion of
                  | mutation]
  2951 | D:3      | Gained mutation: You expend magic power (3 MP) to
                  | strengthen your wands. [potion of mutation]
  3190 | D:3      | Found a glowing golden altar of the Shining One.
  3632 | D:3      | Reached skill level 6 in Fighting
  3646 | D:3      | Reached XP level 6. HP: 27/57 MP: 2/8
  3884 | D:3      | Found a broken altar of Ashenzari.
  3884 | D:3      | Found a white marble altar of Elyvilon.
  4753 | D:4      | Noticed 2bobheroes's ghost (amateur TrHu)
  4784 | D:4      | Found a hazy altar of Hepliaklqana.
  5030 | D:4      | Found a transporter.
  5036 | D:4      | Noticed Sigmund
  5052 | D:4      | Found a transporter.
  5262 | D:4      | Reached XP level 7. HP: 49/64 MP: 9/9
  5359 | D:4      | Reached skill level 1 in Maces & Flails
  6808 | D:5      | Entered Level 5 of the Dungeon
  6833 | D:5      | Reached skill level 1 in Axes
  6915 | D:5      | Found an ornate altar of the Wu Jian Council.
  6933 | D:5      | Reached skill level 1 in Unarmed Combat
  6963 | D:6      | Reached skill level 1 in Armour
  7000 | D:6      | Reached skill level 7 in Fighting
  7035 | D:6      | HP: 2/66 [gnoll/+0 club (3)]
  7053 | D:6      | HP: 2/66 [gnoll/+0 spear (2)]
  7053 | D:6      | Slain by a gnoll

Illustrated notes

Levels and vault maps discovered:
D:1:      dpeg_arrival_water_temple_mockup, layout_rooms, minmay_small_reverse_x
D:2:      layout_basic, elyvilon_altar_1
D:3:      layout_rooms, overflow_temple_1_default,
          gammafunk_temple_overflow_wave, nicolae_tso_swordbearing_angel,
          uniq_ijyb
D:4:      layout_loops_corners, kennysheep_little_box,
          gammafunk_ghost_stat_death, uniq_sigmund
D:5:      lemuel_upstairs_altar, layout_basic, marbit_many_paths,
          nemelex_altar_shiori, minmay_temple_entry_gardened_gates,
          nicolae_ossuary_entry_ruins, supply_closet_lemuel
D:6:      layout_loops_cross, serial_shops, nicolae_shop_trees,
          minmay_misc_feat_nine_boxes, uniq_blork_the_orc

Skill      XL: |  1  2  3  4  5  6  7 |
---------------+----------------------+-----
Staves         | 2 3 |  3.6
Fighting       | 5 6 7 |  7.0
Stealth        | 2 3 4 |  4.3
Evocations     | 2 |  2.8
Maces & Flails | 1 |  1.3
Axes           | 2 |  2.1
Unarmed Combat | 1 |  1.3
Armour         | 1 |  1.3
Bows           | |  1.2

Action                   |  1- 3 |  4- 6 |  7- 9 || total
-------------------------+-------+-------+-------++-------
Melee: Quarterstaff      |    52 |   247 |    13 ||   312
       Unarmed           |       |     7 |       ||     7
       Mace              |       |    15 |    14 ||    29
       Hand axe          |       |       |   122 ||   122
       Punch             |       |       |     1 ||     1
 Abil: Evoke Flight      |       |     1 |       ||     1
Evoke: Wand              |       |     6 |     1 ||     7
  Use: Potion            |     2 |     7 |       ||     9
       Scroll            |       |    10 |     3 ||    13
 Stab: Sleeping          |     1 |     3 |     3 ||     7
       Distracted        |       |     1 |       ||     1
Armor: Ring mail         |    12 |   156 |    58 ||   226
Dodge: Dodged            |    31 |   188 |    73 ||   292
